 Dungeon Crawl Stone Soup version 0.19.0-2-gae57169 (webtiles) character file.

590 Firecrotchwizard the Cudgeler (level 7, -8/62 HPs)
             Began as a Minotaur Fighter on Nov 2, 2016.
             Was an Initiate of Okawaru.
             Mangled by Prince Ribbit (11 damage)
             ... on level 5 of the Dungeon.
             The game lasted 00:10:53 (3262 turns).

Firecrotchwizard the Cudgeler (Minotaur Fighter)    Turns: 3262, Time: 00:10:55

Health: -8/62      AC: 13    Str: 21    XL:     7   Next: 16%
Magic:  15/15      EV:  5    Int:  5    God:    Okawaru [......]
Gold:   4          SH: 10    Dex: 11    Spells: 0 memorised, 6 levels left

rFire  . . .     SeeInvis .     a - +0 flail
rCold  . . .     Gourm    .     j - +0 plate armour
rNeg   . . .     Faith    .     c - +0 shield
rPois  .         Spirit   .     (helmet restricted)
rElec  .         Reflect  .     e - +0 cloak
rCorr  .         Harm     .     (no gloves)
MR     .....                    (no boots)
Stlth  ..........               (no amulet)
                                (no ring)
                                p - ring of magical power

@: no status effects
A: retaliatory headbutt, horns 2
a: Renounce Religion


You were on level 5 of the Dungeon.
You worshipped Okawaru.
Okawaru was noncommittal.
You were very hungry.

You visited 1 branch of the dungeon, and saw 5 of its levels.

You collected 189 gold pieces.
You spent 185 gold pieces at shops.

Inventory:

Hand Weapons
 a - a +0 flail (weapon)
Armour
 b - a +0 scale mail
 c - a +0 shield (worn)
 e - a +0 cloak (worn)
 j - a +0 plate armour (worn)
Jewellery
 p - a ring of magical power (left hand)
Wands
 o - a wand of flame (15/48)
 s - a wand of disintegration (10/24)
Scrolls
 h - a scroll of immolation
 i - 2 scrolls of fear {unknown}
 k - a scroll of fog {unknown}
 l - 4 scrolls of identify
 n - 2 scrolls of magic mapping {unknown}
 r - 3 scrolls of random uselessness {unknown}
 t - a scroll of remove curse
 u - a scroll of noise {unknown}
 v - a scroll of teleportation {unknown}
Potions
 d - a potion of might
 g - 3 potions of curing {unknown}
 m - a potion of magic {unknown}
 q - a potion of ambrosia {unknown}
 x - 2 potions of haste
Comestibles
 f - 2 bread rations
 w - 2 meat rations


   Skills:
 * Level 5.8 Fighting
 * Level 6.2 Maces & Flails
 + Level 5.2 Armour
 + Level 1.5 Dodging
 + Level 5.0 Shields


You had 6 spell levels left.
You didn't know any spells.

Dungeon Overview and Level Annotations

Branches:
Dungeon (5/15)
 Temple: D:4-7

Altars:
Fedhas
Okawaru
Qazlal
Ru
Uskayaw

Shops:
D:4 !*

Annotations:
D:5 Prince Ribbit


Innate Abilities, Weirdness & Mutations

You reflexively headbutt those who attack you in melee.
You have a pair of horns on your head.


Message History

The hound barely misses you. You furiously retaliate!
You headbutt the hound. You block Prince Ribbit's attack.
The hound barely misses you.
You completely miss the hound.
The hound is lightly wounded.
Prince Ribbit barely misses you. The hound bites you but does no damage.
Prince Ribbit hits you.
* * * LOW HITPOINT WARNING * * *
You closely miss the hound. Your headbutt misses the hound.
The hound is lightly wounded.
The hound barely misses you. You block Prince Ribbit's attack.
The hound bites you.
* * * LOW HITPOINT WARNING * * *
You sock the hound!
The hound is heavily wounded.
Prince Ribbit hits you!
* * * LOW HITPOINT WARNING * * *
The hound barely misses you. You furiously retaliate!
You headbutt the hound, but do no damage.
The hound bites you but does no damage. Prince Ribbit hits you!
You die...

....##### #.>.... ...###
#.....######......
#.....[..........
##....[<#####...#
###.......###.....#
#.........#.....#.#
..##..............#
##.รท.......@F...##
.#####...........h....#
.........##.....#.##....
..#...###.))<####... ..#
..#[#.###.#.## .### #
..._........# .#
..#.#...##### ..
......###.... .. .....##
#....


You could see Prince Ribbit and a hound.

Vanquished Creatures
  A hippogriff (D:4)
  A bullfrog (D:3)
  A scorpion (D:3)
  A hound (D:5)
  Ijyb (D:2)
  2 orc wizards (D:5)
  A worker ant (D:4)
  A hound zombie (D:5)
  3 gnolls (D:5)
  4 adders
  A dart slug (D:4)
  5 leopard geckos
  2 orcs (D:5)
  5 giant cockroaches
  2 goblins (D:3)
  6 hobgoblins
  11 jackals
  13 kobolds
  3 ball pythons
  5 bats
  A frilled lizard (D:3)
  7 rats
77 creatures vanquished.

Notes
Turn   | Place    | Note
-------+----------+-------------------------------------------
     0 | D:1      | Firecrotchwizard the Minotaur Fighter began the quest for the Orb.
     0 | D:1      | Reached XP level 1. HP: 19/19 MP: 0/0
   106 | D:1      | Reached XP level 2. HP: 23/27 MP: 1/1
  1009 | D:2      | Noticed Ijyb
  1022 | D:2      | Killed Ijyb
  1022 | D:2      | Reached skill level 3 in Maces & Flails
  1022 | D:2      | Reached XP level 3. HP: 28/34 MP: 2/2
  1253 | D:3      | Reached XP level 4. HP: 39/41 MP: 3/3
  1352 | D:3      | Found a sacrificial altar of Ru.
  1390 | D:3      | Found a stormy altar of Qazlal.
  1514 | D:3      | Reached skill level 4 in Maces & Flails
  1514 | D:3      | Reached XP level 5. HP: 47/47 MP: 4/4
  1629 | D:3      | Reached skill level 1 in Dodging
  1772 | D:3      | Reached skill level 5 in Fighting
  1878 | D:4      | Found a blossoming altar of Fedhas.
  1915 | D:4      | Found Gocaz's General Store.
  1923 | D:4      | Bought a scroll of identify for 26 gold pieces
  1923 | D:4      | Bought a scroll of remove curse for 39 gold pieces
  1966 | D:4      | Found an iron altar of Okawaru.
  1987 | D:4      | Became a worshipper of Warmaster Okawaru
  2046 | D:4      | Noticed a hippogriff
  2062 | D:4      | Killed a hippogriff
  2062 | D:4      | Reached skill level 5 in Maces & Flails
  2062 | D:4      | Reached skill level 5 in Armour
  2062 | D:4      | Reached XP level 6. HP: 5/56 MP: 5/5
  2511 | D:4      | Found Egoiso Vota's Distillery.
  2518 | D:4      | Bought a potion of haste for 120 gold pieces
  2748 | D:5      | Entered Level 5 of the Dungeon
  2765 | D:5      | Reached skill level 6 in Maces & Flails
  2765 | D:5      | Reached XP level 7. HP: 37/61 MP: 6/6
  2845 | D:5      | Reached * piety under Okawaru
  2947 | D:5      | Found a hide-covered altar of Uskayaw.
  2969 | D:5      | Noticed Prince Ribbit
  2986 | D:5      | Reached skill level 5 in Shields
  3262 | D:5      | HP: 3/62 [Prince Ribbit (14)]
  3262 | D:5      | Mangled by Prince Ribbit

Skill      XL: |  1  2  3  4  5  6  7 |
---------------+----------------------+-----
Armour         | 4 5 |  5.2
Fighting       | 4 5 |  5.8
Maces & Flails | 3 4 5 6 |  6.2
Shields        | 4 5 |  5.0
Dodging        | 1 |  1.5

Action                   |  1- 3 |  4- 6 |  7- 9 || total
-------------------------+-------+-------+-------++-------
Melee: Flail             |    70 |   122 |    59 ||   251
       Headbutt          |     7 |    18 |     8 ||    33
Invok: Heroism           |       |       |     1 ||     1
  Use: Scroll            |     1 |     2 |       ||     3
  Eat: Chunk             |     1 |     3 |     1 ||     5
       Pizza             |       |     1 |       ||     1
Armor: Scale mail        |    24 |     5 |       ||    29
       Plate armour      |       |   103 |    46 ||   149
Dodge: Dodged            |    19 |    32 |    16 ||    67
Block: Shield            |    36 |    77 |    39 ||   152
